 Dungeon Crawl Stone Soup version 0.17.2-1-ge4368a0 (webtiles) character file.

387 daftwullie the Cudgeler (level 6, -2/62 HPs)
             Began as an Ogre Warper on Feb 11, 2017.
             Killed by divine providence
             ... invoked by an orc priest
              (15 damage)
             ... on level 4 of the Dungeon.
             The game lasted 01:09:55 (6158 turns).

daftwullie the Cudgeler (Ogre Warper)               Turns: 6158, Time: 01:09:55

Health: -2/62      AC:  3    Str: 18    XL:     6   Next: 78%
Magic:  12/12      EV: 10    Int: 13    God:
Gold:   146        SH:  0    Dex:  9    Spells: 3 memorised, 8 levels left

rFire  x . .     SeeInvis .     a - +0 mace
rCold  + . .     Clarity  .     b - +0 robe
rNeg   + . .     SustAt   .     (no shield)
rPois  .         Gourm    .     (helmet restricted)
rElec  .         Spirit   .     (no cloak)
rCorr  .         Warding  .     (gloves unavailable)
rMut   +         Stasis   .     (boots unavailable)
MR     .....                    p - amulet of resist mutation
Stlth  +.........               t - ring of positive energy
                                u - ring of ice

@: not resistant to hostile enchantments, very unstealthy
A: unfitting armour, tough skin 1
a: no special abilities


You were on level 4 of the Dungeon.
You were not hungry.

You visited 1 branch of the dungeon, and saw 5 of its levels.

You collected 146 gold pieces.

Inventory:

Hand Weapons
 a - a +0 mace (weapon)
Missiles
 g - 99 stones (quivered)
 k - 17 poisoned needles
 r - 71 sling bullets
Armour
 b - a +0 robe (worn)
Jewellery
 h - an uncursed ring of fire
 p - an amulet of resist mutation (around neck)
 t - a ring of positive energy (right hand)
 u - a ring of ice (left hand)
Wands
 A - a wand of slowing (30)
Scrolls
 i - 6 scrolls of identify
 m - a scroll of noise {unknown}
 o - 2 scrolls of remove curse {unknown}
 v - 2 scrolls of magic mapping {unknown}
 y - a scroll of teleportation {unknown}
 z - a scroll of recharging {unknown}
 C - a scroll of random uselessness {unknown}
 D - a scroll of immolation {unknown}
 F - 3 scrolls of enchant armour {unknown}
Potions
 l - 3 potions of curing
 n - a potion of flight {unknown}
 w - 2 potions of might {unknown}
 x - 2 potions of agility {unknown}
 G - 2 potions of berserk rage {unknown}
Books
 c - a book of Spatial Translocations

   Spells                             Type                      Level
   a - Apportation                    Translocation                1
   b - Blink                          Translocation                2
   c - Shroud of Golubria             Charms/Translocation         2
   d - Portal Projectile              Translocation                3
   e - Teleport Other                 Translocation                3
   f - Passage of Golubria            Translocation                4
Comestibles
 d - 2 chunks of flesh
 f - 2 bread rations


   Skills:
 + Level 3.6 Fighting
 * Level 4.4 Maces & Flails
 * Level 2.8 Throwing
 - Level 2.1 Dodging
 * Level 4.2 Spellcasting
 + Level 1.1 Charms
 * Level 3.2 Translocations
 * Level 0.2 Evocations


You had 8 spell levels left.
You knew the following spells:

 Your Spells              Type           Power        Failure   Level  Hunger
a - Apportation           Tloc           ##........   8%          1    None
b - Shroud of Golubria    Chrm/Tloc      #.........   14%         2    ##.....
c - Blink                 Tloc           N/A          10%         2    ##.....


Dungeon Overview and Level Annotations

Branches:
Dungeon (5/15)
 Temple: D:4-7

Altars:
Cheibriados
Vehumet


Innate Abilities, Weirdness & Mutations

You are too large for most types of armour.
You have tough skin (AC +1).


Message History

The orc priest invokes the aid of Beogh against you.
Something smites you!
An orc comes into view. It is wielding a war axe.
Throwing (i - inventory):
g - 100 stones (quivered)
Press: ? - help, Shift-Dir - straight line, f/p - orc priest
Aim: an orc priest, wielding a club and wearing a scale mail You throw a stone.
The stone hits the orc priest but does no damage.
The orc priest invokes the aid of Beogh against you.
Pain shoots through your body!
The orc moves out of view.
There is an open door here.
The orc priest mumbles some strange prayers to Beogh against you.
Something smites you!
* * * LOW HITPOINT WARNING * * *
There is an open door here.
An orc comes into view.
The orc shouts!
The orc priest invokes the aid of Beogh against you.
Something smites you!
You die...

##[...##.####....# #####
#..#..........o..##
....####.#.)#.#>### .....#
.<.....)...#.<#.####......
.....<)####.).............
....#######....[..........
....# #.................
##### #..####..#'##.....
#..#..##@#..####.P
#..#..#..#..#..####
#..#..#..##'#..#..#
#########..##'#'##..#'##..#
.....#..>..#..'........#'##
...........#..#.###(#.....+
.....####.#####o#(.)####..#
.....####.#..'.o#...' #..#
#.........[..#..#...# #..#


You could see an orc priest and 2 orcs.

Vanquished Creatures
  2 scorpions (D:4)
  A hound (D:4)
  3 worker ants (D:4)
  6 gnolls
  2 adders (D:2)
  An ooze (D:1)
  6 worms
  A giant gecko (D:4)
  7 orcs
  11 bats
  5 giant cockroaches
  21 goblins
  8 hobgoblins
  2 jackals (D:3)
  15 kobolds
  2 giant newts (D:1)
  A quokka (D:2)
  8 rats
102 creatures vanquished.

Vanquished Creatures (others)
  A plant (D:4)
1 creature vanquished.

Grand Total: 103 creatures vanquished

Notes
Turn   | Place    | Note
--------------------------------------------------------------
     0 | D:1      | daftwullie the Ogre Warper began the quest for the Orb.
     0 | D:1      | Reached XP level 1. HP: 22/22 MP: 3/3
   275 | D:1      | Reached XP level 2. HP: 27/29 MP: 5/5
   279 | D:1      | Learned a level 2 spell: Shroud of Golubria
   392 | D:1      | Reached skill level 3 in Maces & Flails
   773 | D:1      | Reached XP level 3. HP: 36/36 MP: 7/7
   948 | D:1      | Learned a level 2 spell: Blink
  2261 | D:2      | Reached XP level 4. HP: 34/44 MP: 8/8
  2965 | D:3      | Reached XP level 5. HP: 50/53 MP: 9/9
  3109 | D:3      | Found a snail-covered altar of Cheibriados.
  3402 | D:3      | Found a radiant altar of Vehumet.
  4289 | D:4      | Reached skill level 4 in Maces & Flails
  4680 | D:4      | Reached XP level 6. HP: 39/61 MP: 8/11
  5006 | D:5      | Entered Level 5 of the Dungeon
  5185 | D:4      | Reached skill level 1 in Charms
  5576 | D:4      | HP: 2/62 [hobgoblin/rapier (2)]
  6158 | D:4      | Killed from afar by an orc priest

Action                   |  1- 3 |  4- 6 || total
-------------------------+-------+-------++-------
Melee: Mace              |   135 |   274 ||   409
Throw: Stone             |    45 |    62 ||   107
       Tomahawk          |     2 |     7 ||     9
       Javelin           |       |     8 ||     8
 Cast: Shroud of Golubri |     9 |    44 ||    53
       Blink             |       |     8 ||     8
  Use: Scroll            |     1 |     1 ||     2
       Potion            |       |     4 ||     4
  Eat: Meat ration       |     1 |     1 ||     2
       Fruit             |       |     5 ||     5
       Chunk             |       |     7 ||     7
